 Dungeon Crawl Stone Soup version 0.29-a0-845-g6161e89988 (webtiles) character file.

Game seed: 6493312655798445877

633 mathmaestro the Purveyor of Pain (level 7, 21/56 HPs)
             Began as a Demonspawn Necromancer on July 16, 2022.
             Was an Initiate of Kikubaaqudgha.
             Quit the game on level 5 of the Dungeon.
             The game lasted 00:12:42 (5466 turns).

mathmaestro the Purveyor of Pain (DsNe)             Turns: 5466, Time: 00:12:43

Health: 21/56      AC:  9    Str: 12    XL:     7   Next: 24%
Magic:  3/13       EV: 12    Int: 18    God:    Kikubaaqudgha [......]
Gold:   61         SH:  0    Dex: 14    Spells: 6/14 levels left

rFire   . . .      SeeInvis .   f - +1 dagger (freeze)
rCold   x . .      Faith    .   (no shield)
rNeg    . . .      Spirit   .   o - +0 leather armour
rPois   .          Reflect  .   n - +0 helmet
rElec   .          Harm     .   (no cloak)
rCorr   .          Rampage  .   d - +0 pair of gloves
Will    .....                   i - +0 pair of boots
Stlth   +++.......              (no amulet)
HPRegen 0.18/turn               k - ring "Doesaron" {Wiz rC- Str+4 Stlth+}
MPRegen 0.13/turn               (no ring)

@: no status effects
A: hooves 1, rugged brown scales 3, foul stench 1
a: Renounce Religion


You were on level 5 of the Dungeon.
You worshipped Kikubaaqudgha.
Kikubaaqudgha was noncommittal.
You visited 2 branches of the dungeon, and saw 6 of its levels.

You collected 184 gold pieces.
You spent 123 gold pieces at shops.

Inventory:

Hand Weapons
 f - a +1 dagger of freezing (weapon)
 j - a +0 hand axe
Missiles
 m - 3 silver boomerangs
 p - 5 silver javelins (quivered)
Armour
 d - a +0 pair of gloves (worn)
 i - a +0 pair of boots (worn)
 n - a +0 helmet (worn)
 o - a +0 leather armour (worn)
Jewellery
 k - the ring "Doesaron" (left hand) {Wiz rC- Str+4 Stlth+}
   (You found it on level 2 of the Dungeon)

   [ring of wizardry]

   It improves your spell success rate.
   Str:       It affects your strength (+4).
   rC:        It makes you vulnerable to cold.
   Stlth:     It makes you more stealthy.
Scrolls
 g - a scroll of fear
 l - a scroll of silence
 r - a scroll of enchant armour
Potions
 a - a potion of invisibility
 b - a potion of magic
 c - a potion of ambrosia
 e - a potion of heal wounds
 h - a potion of cancellation


   Skills:
 + Level 3.7 Fighting
 + Level 2.8 Armour
 - Level 2.0 Dodging
 - Level 2.0 Stealth
 + Level 4.1 Spellcasting
 + Level 6.2 Necromancy


You had 6 spell levels left.
You knew the following spells:

 Your Spells              Type           Power      Damage    Failure   Level
a - Necrotise             Necr           100%       1d9       1%          1
b - Vampiric Draining     Necr           26%        2d7       1%          3
c - Animate Dead          Necr           26%        N/A       6%          4

Your spell library contained the following spells:

 Spells                   Type           Power      Damage    Failure   Level
 Apportation              Tloc           6%         N/A       8%          1
 Magic Dart               Conj           12%        1d3       8%          1
 Summon Small Mammal      Summ           12%        N/A       8%          1
 Call Imp                 Summ           3%         N/A       12%         2
 Agony                    Necr           26%        N/A       16%         5
 Gell's Gravitas          Tloc           3%         N/A       22%         3
 Mephitic Cloud           Conj/Pois/Air  3%         N/A       22%         3
 Teleport Other           Tloc           3%         N/A       22%         3
 Alistair's Intoxication  Tmut/Pois      2%         N/A       87%         5
 Dispersal                Tloc           1%         N/A       100%        6


Dungeon Overview and Level Annotations

Branches:
Dungeon (5/15)             Temple (1/1) D:4

Altars:
Ashenzari
Dithmenos
Gozag
Hepliaklqana
Kikubaaqudgha
Makhleb
Nemelex Xobeh
Okawaru
Qazlal
Ru
Sif Muna
Trog
Uskayaw
Wu Jian
Xom
Yredelemnul

Shops:
D:4 ?

Annotations:
D:5 Prince Ribbit


Innate Abilities, Weirdness & Mutations

You have large cloven feet.
You are completely covered in rugged brown scales. (AC +3, +7% HP)
You may rarely emit foul miasma when damaged in melee.


Message History

You hit the orc wizard. You freeze the orc wizard.
You kill the orc wizard!
Kikubaaqudgha accepts your kill.
Your orc zombie is smitten.
Your orc zombie is destroyed!
The orc priest suddenly grunts, as Orcs often do.
Things that are here:
a +0 short sword; 15 gold pieces You see here 2 silver javelins.
p - 5 silver javelins (gained 2)
Casting: Necrotise (safe; 1% risk of failure)
Confirm with . or Enter, or press ? or * to list all spells.
Aiming: Necrotise (safe; 1% risk of failure)
Press: ? - help, Shift-Dir - straight line, f - orc priest
Aim: an orc priest, wielding a +0 dagger (ally target, chance to affect: 83%)
The orc priest barely resists.
The orc priest hits you with a +0 dagger.
Unknown command.
You hit the orc priest. You freeze the orc priest.
The orc priest is moderately wounded.
The orc priest hits you but does no damage.
You hit the orc priest. You freeze the orc priest.
The orc priest is heavily wounded.
The orc priest hits you but does no damage.
Your ogre zombie hits the orc priest!
The orc priest dies!
Kikubaaqudgha accepts your kill.
Found a stone staircase leading down.
You see here a +0 dagger.
You closely miss the hound. The hound bites you but does no damage.
You hit the hound. You freeze the hound.
The hound is lightly wounded.
The hound barely misses you.
Your ogre zombie hits the hound!
The hound closely misses you.
You hit the hound. You freeze the hound.
You kill the hound!
Kikubaaqudgha accepts your kill.
An ogre comes into view. It is wielding a +0 giant club.
There are monsters nearby!
Are you sure you want to abandon this character and quit the game? (Confirm with "yes".)

#.. #..O##..o
##########...##..
##..#..#..#...#..
#.....#.[.#...#.
#.....#...#...'
#.....#...#..>#
#.....#...##..#
#.....#<..##@.##
######..##..##...#
#..###..###+##Z..# +
#...#....#..##..## .#
...#....#..##..##..##
..#...##..##)....... #
#.##..##..##........
..###.##..##...)......##
...........#...)......#


You could see an ogre (wandering), an orc priest (wandering) and a friendly ogre
zombie.

Vanquished Creatures
  An ogre (D:5)
  A kobold brigand (D:5)
  A scorpion (D:4)
  A hound (D:5)
  3 orc priests (D:4)
  2 orc wizards
  4 gnolls (D:4)
  5 adders
  A worm (D:4)
  2 dart slugs
  27 orcs
  6 bats
  9 endoplasms
  7 giant cockroaches
  6 goblins
  6 hobgoblins
  8 jackals
  2 quokkas
  4 ball pythons
  A frilled lizard (D:2)
  8 kobolds
  3 rats
108 creatures vanquished.

Vanquished Creatures (collateral kills)
  An orc priest (D:5)
  A dart slug (D:1)
  An endoplasm (D:2)
  A jackal (D:1)
  A kobold (D:5)
5 creatures vanquished.

Vanquished Creatures (others)
  3 gnoll zombies (D:4)
  2 kobold zombies (D:5)
  An orc zombie (D:5)
6 creatures vanquished.

Grand Total: 119 creatures vanquished

Notes
Turn   | Place    | Note
-------+----------+-------------------------------------------
     0 | D:1      | mathmaestro the Demonspawn Necromancer began the quest for
                  | the Orb.
     0 | D:1      | Reached XP level 1. HP: 13/13 MP: 3/3
    78 | D:1      | Found a faded altar of an unknown god.
   200 | D:1      | Gained mutation: You are partially covered in rugged brown
                  | scales. (AC +1, +3% HP) [demonic ancestry]
   200 | D:1      | Reached XP level 2. HP: 10/20 MP: 0/5
   673 | D:1      | Reached skill level 1 in Fighting
   830 | D:1      | Gained mutation: You are mostly covered in rugged brown
                  | scales. (AC +2, +5% HP) [demonic ancestry]
   830 | D:1      | Reached XP level 3. HP: 21/27 MP: 6/6
   994 | D:1      | Learned a level 3 spell: Vampiric Draining
  1561 | D:2      | Identified the ring "Doesaron" {Wiz rC- Str+4 Stlth+}
  1799 | D:2      | Gained mutation: You are completely covered in rugged brown
                  | scales. (AC +3, +7% HP) [demonic ancestry]
  1799 | D:2      | Reached XP level 4. HP: 28/35 MP: 4/8
  1808 | D:2      | Reached skill level 5 in Necromancy
  2768 | D:3      | Learned a level 4 spell: Animate Dead
  2778 | D:3      | Reached skill level 1 in Armour
  2778 | D:3      | Gained mutation: You have large cloven feet. [demonic
                  | ancestry]
  2778 | D:3      | Reached XP level 5. HP: 40/40 MP: 9/9
  2798 | D:3      | Found a shadowy altar of Dithmenos.
  3829 | D:4      | Reached XP level 6. HP: 24/49 MP: 0/11
  4116 | D:4      | Found Feaxic's Magic Scroll Shop.
  4137 | D:4      | Bought a scroll of enchant armour for 97 gold pieces
  4137 | D:4      | Bought a scroll of identify for 26 gold pieces
  4621 | D:4      | Found a staircase to the Ecumenical Temple.
  4636 | Temple   | Entered the Ecumenical Temple
  4816 | Temple   | Became a worshipper of Kikubaaqudgha
  5317 | D:5      | Entered Level 5 of the Dungeon
  5317 | D:5      | Noticed Prince Ribbit
  5431 | D:5      | Reached skill level 6 in Necromancy
  5431 | D:5      | Gained mutation: You may rarely emit foul miasma when
                  | damaged in melee. [demonic ancestry]
  5431 | D:5      | Reached XP level 7. HP: 22/55 MP: 0/13
  5466 | D:5      | Quit the game

Illustrated notes

Levels and vault maps discovered:
D:1:      dpeg_arrival_pond, layout_rooms, shapermc_ecumenical_altar_acropolis,
          dreamdust_princess_bridge, serial_bayou_pond_e
D:2:      layout_basic
D:3:      layout_loops_corners, grunt_dithmenos_smoke
D:4:      layout_basic, minmay_temple_entry_statues_pillars, serial_shops, shop
D:5:      layout_gridville, enter_ossuary_2, uniq_menkaure, uniq_pikel,
          uniq_prince_ribbit1
Temple:   bh_familiar_temple

Skill      XL: |  1  2  3  4  5  6 |
---------------+-------------------+-----
Stealth        | 2 |  2.0
Dodging        | 2 |  2.0
Fighting       | 1 2 3 |  3.7
Necromancy     | 5 6 |  6.2
Spellcasting   | 3 4 |  4.1
Armour         | 1 2 |  2.8

Action                   |  1- 3 |  4- 6 |  7- 9 || total
-------------------------+-------+-------+-------++-------
Melee: Dagger            |    46 |   145 |    13 ||   204
       Kick              |       |    19 |       ||    19
       Punch             |       |     2 |       ||     2
Throw: Javelin           |       |     1 |     1 ||     2
 Cast: Necrotise         |    63 |    46 |     2 ||   111
       Vampiric Draining |       |    11 |       ||    11
       Animate Dead      |       |     3 |       ||     3
  Use: Scroll            |       |     7 |       ||     7
       Potion            |       |     3 |       ||     3
 Stab: Distracted        |     2 |     1 |       ||     3
       Sleeping          |     1 |     7 |       ||     8
Armor: Robe              |    17 |     2 |       ||    19
       Leather armour    |       |    61 |     9 ||    70
Dodge: Dodged            |    46 |    90 |     8 ||   144

Table legend: (Time is in decaauts)
 A = Elapsed time spent in this place.
 B = Non-inter-level travel time spent in this place.
 C = Inter-level travel time spent in this place.
 D = Time resting spent in this place.
 E = Time spent auto-exploring this place.
 F = Levels seen in this place.
 G = Mean time per level.
                   A        B        C        D        E       F      G
               +--------+--------+--------+--------+--------+-----+--------+
         Total |   5467 |   5352 |    115 |    942 |   3374 |   6 |  911.2 |
       Dungeon |   5276 |   5179 |     97 |    942 |   3207 |   5 | 1055.2 |
        Temple |    190 |    172 |     18 |      0 |    167 |   1 |  190.0 |
               +--------+--------+--------+--------+--------+-----+--------+

Top non-repeatable levels by time:
     D:4: 1727 daAuts
     D:3: 1225 daAuts
     D:2: 1201 daAuts
     D:1: 1014 daAuts
  Temple: 190 daAuts
     D:5: 106 daAuts
